Bruins vs Gulls

Created - Monday, February 01, 2016 at 02:10

Goals
1 2 3 T
Bruins 0 0 0 0
Gulls 1 0 0 1
Shots
1 2 3 T
Bruins 6 13 5 24
Gulls 14 9 9 32

1st period

1. Gulls , Ryan Murphy 13 (Brandon Gormley, Jussi Rynnas) at 8:37 (PP)

Penalties :
Kevin Porter (Pro) for Interference (Minor) at 1:30, Scott Ford (SDI) for Fighting (Major) at 5:14, Johan Alm (Pro) for Fighting (Major) at 5:14, Conor Allen (Pro) for Tripping (Minor) at 7:04, Matt Lashoff (SDI) for Interference (Minor) at 14:10

2nd period

No Goal

Penalties :
Buddy Robinson (Pro) for Hooking (Minor) at 5:08, Antoine Laganiere (SDI) for Fighting (Major) at 16:28, Johan Alm (Pro) for Fighting (Major) at 16:28, Scott Ford (SDI) for Fighting (Major) at 16:39, Buddy Robinson (Pro) for Fighting (Major) at 16:39, Jerry D'Amigo (SDI) for Fighting (Major) at 18:57, Kevin Czuczman (Pro) for Fighting (Major) at 18:57

3rd period

No Goal

Penalties :
Buddy Robinson (Pro) for Interference (Minor) at 4:44, Brayden Irwin (SDI) for Fighting (Major) at 12:48, Buddy Robinson (Pro) for Fighting (Major) at 12:48

Goalie Stats

Philipp Grubauer (Pro), 31 saves from 32 shots - (0.969), L, 26-9-16, 59:00 minutes
Jussi Rynnas (SDI), 24 saves from 24 shots - (1.000), W, 18-9-12, 60:00 minutes

Players Stats for Bruins

Player Name              G  A  P  +/- PIM S  H  SB GA TA FO     MP     PP MP  PK MP  
------------------------------------------------------------------------------------
Andrew Agozzino          0  0  0   0  0   3  0  0  6  0  0/0    16:17   0:52   0:00 
Brandon Alderson         0  0  0   0  0   0  1  0  1  0  0/0    14:57   0:00   0:00 
Buddy Robinson           0  0  0   0  14  1  1  0  0  0  1/2    12:25   0:52   0:00 
Cole Schneider           0  0  0   0  0   2  1  0  0  0  0/0    16:47   1:07   1:54 
Conor Allen              0  0  0   0  2   2  2  0  0  0  0/0    24:55   0:24   3:07 
Dennis Everberg          0  0  0   0  0   1  3  1  2  2  0/0    19:14   1:07   4:33 
Dennis Rasmussen         0  0  0   0  0   0  0  0  2  0  3/6     6:03   0:00   0:00 
Greg Carey               0  0  0   0  0   0  1  0  0  0  0/0     8:02   0:22   0:39 
Johan Alm                0  0  0   0  10  1  1  0  0  0  0/0    14:41   0:00   0:00 
Jordan Oesterle          0  0  0   0  0   0  1  1  0  1  0/0    19:57   1:35   4:23 
Kael Mouillierat         0  0  0   0  0   3  0  0  4  0  7/12   14:57   0:00   0:00 
Kevin Czuczman           0  0  0   0  5   0  0  1  0  0  0/0    14:03   0:00   0:00 
Kevin Porter             0  0  0   0  2   1  2  0  4  1  6/10   18:14   0:52   1:08 
Leon Draisaitl           0  0  0   0  0   3  0  3  4  0  7/14   22:02   0:45   4:20 
Magnus Nygren            0  0  0   0  0   1  1  3  0  1  0/0    22:12   1:35   4:23 
Marc Hagel               0  0  0   0  0   3  1  0  1  1  0/0    17:24   0:00   2:26 
Raman Hrabarenka         0  0  0   0  0   2  0  0  1  1  0/0    24:08   0:24   3:07 
Sam Henley               0  0  0   0  0   1  1  0  0  1  0/0     6:03   0:00   0:00 

Players Stats for Gulls

Player Name              G  A  P  +/- PIM S  H  SB GA TA FO     MP     PP MP  PK MP  
------------------------------------------------------------------------------------
Antoine Laganiere        0  0  0   0  5   1  1  0  0  2  3/7    15:25   0:00   0:00 
Brandon Gormley          0  1  1   0  0   8  1  0  0  2  0/0    21:30   3:25   1:23 
Brayden Irwin            0  0  0   0  5   1  1  0  1  2  5/9    19:00   3:33   1:12 
Carter Camper            0  0  0   0  0   1  1  1  2  0  8/18   16:30   3:57   0:20 
Chase Schaber            0  0  0   0  0   2  0  0  3  0  2/6     9:33   0:00   0:13 
FARM PLAYER14            0  0  0   0  0   0  0  0  0  0  0/0    17:45   3:57   0:27 
Guillaume Gelinas        0  0  0   0  0   1  0  1  0  0  0/0    15:38   1:01   0:00 
Guillaume Lepine         0  0  0   0  0   0  0  0  0  0  0/0     5:48   0:00   0:00 
Jerry D'Amigo            0  0  0   0  5   1  1  1  2  0  0/0    18:51   3:57   0:20 
Jimmy Bonneau            0  0  0   0  0   1  2  0  0  2  0/0     8:20   0:00   0:15 
Jordan Caron             0  0  0   0  0   0  2  0  4  0  0/1    14:00   0:00   0:00 
Matt Lashoff             0  0  0   0  2   1  2  1  0  0  0/0    12:16   0:00   0:00 
Phil Lane                0  0  0   0  0   0  2  1  0  3  1/1    21:20   3:33   1:11 
Ryan Bourque             0  0  0   0  0   4  0  0  0  1  1/2    21:05   3:33   0:00 
Ryan Murphy              1  0  1   0  0   11 0  3  0  2  0/0    27:18   3:25   1:23 
Scott Ford               0  0  0   0  10  0  0  1  0  0  0/0    17:02   3:04   0:36 
Sven Andrighetto         0  0  0   0  0   0  1  1  0  0  0/0    15:54   0:00   0:00 
William Wrenn            0  0  0   0  0   0  0  1  1  2  0/0    20:40   4:05   0:36 

3 Stars

1 - Jussi Rynnas (SDI)
2 - Philipp Grubauer (Pro)
3 - Ryan Murphy (SDI)

Power Play

Bruins - 0 on 1 Attempt(s) - 0.00%
Gulls - 1 on 4 Attempt(s) - 25.00%

Penalty Kill

Bruins - 3 on 4 Attempt(s) - 75.00% - Score 0 goal in Penalty Kill
Gulls - 1 on 1 Attempt(s) - 100.00% - Score 0 goal in Penalty Kill

Team Stat

Bruins - Hits : 16 - Faceoff Wins : 24 - Blocked Shots : 9 - Penalty Minutes : 33
Gulls - Hits : 14 - Faceoff Wins : 20 - Blocked Shots : 11 - Penalty Minutes : 27

Official

Referees : Unknown
Linesman : Unknown

Game Notes

Scott Ford beats up Johan Alm at 5:14 of 1st period
Antoine Laganiere and Johan Alm fight to a draw at 16:28 of 2nd period
Buddy Robinson beats up Scott Ford at 16:39 of 2nd period
Jerry D'Amigo and Kevin Czuczman fight to a draw at 18:57 of 2nd period
Brayden Irwin and Buddy Robinson fight to a draw at 12:48 of 3rd period

Finance

Level 1 -- Attendance: 1376 (68.80%) -- Ticket Income $48,160
Level 2 -- Attendance: 704 (70.40%) -- Ticket Income $10,560
Total Attendance: 2080 (69.33%)
Total Ticket Income: $58,720
Other Income: $28,773
Total Income: $87,493

Bruins

5 vs 5 Forward 
   Center                   Left Wing                Right Wing               Time % Phy DF OF 
 1 Leon Draisaitl           Dennis Everberg          Cole Schneider           35     1   2  2  
 2 Kevin Porter             Andrew Agozzino          Buddy Robinson           30     1   2  2  
 3 Kael Mouillierat         Marc Hagel               Brandon Alderson         22     1   2  2  
 4 Dennis Rasmussen         Sam Henley               Leon Draisaitl           13     1   2  2  

5 vs 5 Defense 
   Defense                  Defense                                           Time % Phy DF OF 
 1 Raman Hrabarenka         Conor Allen                                       35     1   2  2  
 2 Magnus Nygren            Jordan Oesterle                                   30     1   2  2  
 3 Johan Alm                Kevin Czuczman                                    22     1   2  2  
 4 Raman Hrabarenka         Conor Allen                                       13     1   2  2  

PowerPlay Forward 
   Center                   Left Wing                Right Wing               Time % Phy DF OF 
 1 Leon Draisaitl           Dennis Everberg          Cole Schneider           60     1   2  2  
 2 Kevin Porter             Andrew Agozzino          Buddy Robinson           40     1   2  2  

PowerPlay Defense
   Defense                  Defense                                           Time % Phy DF OF 
 1 Raman Hrabarenka         Conor Allen                                       60     1   2  2  
 2 Magnus Nygren            Jordan Oesterle                                   40     1   2  2  

Penalty Kill 4 Players Forward 
   Center                   Wing                     Time % Phy DF OF 
 1 Leon Draisaitl           Dennis Everberg          60     1   2  2  
 2 Cole Schneider           Kevin Porter             40     1   2  2  

Penalty Kill 4 Players Defense
   Defense                  Defense                  Time % Phy DF OF 
 1 Raman Hrabarenka         Conor Allen              60     1   2  2  
 2 Magnus Nygren            Jordan Oesterle          40     1   2  2  

Penalty Kill - 3 Players Forward 
   Forward                                           Time % Phy DF OF 
 1 Leon Draisaitl                                    60     1   2  2  
 2 Dennis Everberg                                   40     1   2  2  

Penalty Kill - 3 Players Defense
   Defense                  Defense                  Time % Phy DF OF 
 1 Raman Hrabarenka         Conor Allen              60     1   2  2  
 2 Magnus Nygren            Jordan Oesterle          40     1   2  2  

4 vs 4 Forward 
   Center                   Wing                     Time % Phy DF OF 
 1 Leon Draisaitl           Dennis Everberg          60     1   2  2  
 2 Cole Schneider           Kevin Porter             40     1   2  2  

4 vs 4 Defense
   Defense                  Defense                  Time % Phy DF OF 
 1 Raman Hrabarenka         Conor Allen              60     1   2  2  
 2 Magnus Nygren            Jordan Oesterle          40     1   2  2  

Last Minutes Offensive
   Center                   Left Wing                Right Wing               Defense                  Defense                  
   Leon Draisaitl           Dennis Everberg          Cole Schneider           Raman Hrabarenka         Conor Allen              

Last Minutes Defensive
   Center                   Left Wing                Right Wing               Defense                  Defense                  
   Leon Draisaitl           Dennis Everberg          Cole Schneider           Raman Hrabarenka         Conor Allen              

Goaltenders
Starting : Philipp Grubauer         
Backup : Connor Hellebuyck        

Extra Forwards
Normal : Greg Carey, Kael Mouillierat, Marc Hagel - PP : Greg Carey, Kael Mouillierat - PK : Marc Hagel
Extra Defensemen
Normal : Johan Alm, Kevin Czuczman, Magnus Nygren - PP : Johan Alm - PK : Kevin Czuczman, Magnus Nygren
Penalty Shots
Leon Draisaitl, Dennis Everberg, Cole Schneider, Kevin Porter, Buddy Robinson

Gulls

5 vs 5 Forward 
   Center                   Left Wing                Right Wing               Time % Phy DF OF 
 1 Brayden Irwin            Sven Andrighetto         Phil Lane                35     1   2  2  
 2 Carter Camper            Jerry D'Amigo            FARM PLAYER14            30     1   2  2  
 3 Antoine Laganiere        Ryan Bourque             Jordan Caron             22     1   2  2  
 4 Chase Schaber            Jimmy Bonneau            Jerry D'Amigo            13     1   2  2  

5 vs 5 Defense 
   Defense                  Defense                                           Time % Phy DF OF 
 1 Ryan Murphy              Brandon Gormley                                   35     1   2  2  
 2 Scott Ford               William Wrenn                                     30     1   2  2  
 3 Guillaume Gelinas        Matt Lashoff                                      22     1   2  2  
 4 Guillaume Lepine         Ryan Murphy                                       13     1   2  2  

PowerPlay Forward 
   Center                   Left Wing                Right Wing               Time % Phy DF OF 
 1 Brayden Irwin            Ryan Bourque             Phil Lane                60     1   2  2  
 2 Carter Camper            Jerry D'Amigo            FARM PLAYER14            40     1   2  2  

PowerPlay Defense
   Defense                  Defense                                           Time % Phy DF OF 
 1 Ryan Murphy              Brandon Gormley                                   60     1   2  2  
 2 Scott Ford               William Wrenn                                     40     1   2  2  

Penalty Kill 4 Players Forward 
   Center                   Wing                     Time % Phy DF OF 
 1 Phil Lane                Brayden Irwin            60     1   2  2  
 2 Jerry D'Amigo            Carter Camper            40     1   2  2  

Penalty Kill 4 Players Defense
   Defense                  Defense                  Time % Phy DF OF 
 1 Ryan Murphy              Brandon Gormley          60     1   2  2  
 2 Scott Ford               William Wrenn            40     1   2  2  

Penalty Kill - 3 Players Forward 
   Forward                                           Time % Phy DF OF 
 1 Jerry D'Amigo                                     60     1   2  2  
 2 Brayden Irwin                                     40     1   2  2  

Penalty Kill - 3 Players Defense
   Defense                  Defense                  Time % Phy DF OF 
 1 Ryan Murphy              Brandon Gormley          60     1   2  2  
 2 Scott Ford               William Wrenn            40     1   2  2  

4 vs 4 Forward 
   Center                   Wing                     Time % Phy DF OF 
 1 Sven Andrighetto         Brayden Irwin            60     1   2  2  
 2 Jerry D'Amigo            Carter Camper            40     1   2  2  

4 vs 4 Defense
   Defense                  Defense                  Time % Phy DF OF 
 1 Ryan Murphy              Brandon Gormley          60     1   2  2  
 2 Scott Ford               William Wrenn            40     1   2  2  

Last Minutes Offensive
   Center                   Left Wing                Right Wing               Defense                  Defense                  
   Brayden Irwin            Sven Andrighetto         Phil Lane                Ryan Murphy              Brandon Gormley          

Last Minutes Defensive
   Center                   Left Wing                Right Wing               Defense                  Defense                  
   Brayden Irwin            Sven Andrighetto         Phil Lane                Ryan Murphy              Brandon Gormley          

Goaltenders
Starting : Jussi Rynnas             
Backup : Louis Domingue           

Extra Forwards
Normal : Ryan Bourque, Antoine Laganiere, Chase Schaber - PP : Ryan Bourque, Antoine Laganiere - PK : Chase Schaber
Extra Defensemen
Normal : Guillaume Gelinas, Matt Lashoff, Guillaume Lepine - PP : Guillaume Gelinas - PK : Matt Lashoff, Guillaume Lepine
Penalty Shots
Antoine Laganiere, Brayden Irwin, Jerry D'Amigo, Carter Camper, Ryan Bourque

% Time on Ice - Bruins

Lines # - Real PCT - Wanted PCT - Time Play
Normal Forward
1 - 26% - 35% - 13:05
2 - 32% - 30% - 15:56
3 - 30% - 22% - 14:57
4 - 12% - 13% - 6:03
Normal Defense
1 - 32% - 35% - 16:02
2 - 28% - 30% - 13:59
3 - 32% - 22% - 15:55
4 - 8% - 13% - 4:05
PP Forward
1 - 56% - 60% - 1:07
2 - 44% - 40% - 0:52
PP Defense
1 - 20% - 60% - 0:24
2 - 80% - 40% - 1:35
PK Forward
1 - 75% - 60% - 5:36
2 - 25% - 40% - 1:54
PK Defense
1 - 42% - 60% - 3:07
2 - 58% - 40% - 4:23
PK3 Forward
1 - 0% - 60%
2 - 0% - 40%
PK3 Defense
1 - 0% - 60%
2 - 0% - 40%
44 Forward
1 - 0% - 60%
2 - 0% - 40%
44 Defense
1 - 0% - 60%
2 - 0% - 40%
Last Minute Offensive  - 0:30
Last Minute Defensive  - 0:00
Total
Forward - 60:00
Defense - 60:00

% Time on Ice - Gulls

Lines # - Real PCT - Wanted PCT - Time Play
Normal Forward
1 - 32% - 35% - 16:06
2 - 24% - 30% - 12:13
3 - 28% - 22% - 14:00
4 - 15% - 13% - 7:42
Normal Defense
1 - 32% - 35% - 16:12
2 - 32% - 30% - 15:59
3 - 24% - 22% - 12:02
4 - 12% - 13% - 5:48
PP Forward
1 - 47% - 60% - 3:33
2 - 53% - 40% - 3:57
PP Defense
1 - 46% - 60% - 3:25
2 - 54% - 40% - 4:05
PK Forward
1 - 83% - 60% - 1:39
2 - 17% - 40% - 0:20
PK Defense
1 - 70% - 60% - 1:23
2 - 30% - 40% - 0:36
PK3 Forward
1 - 0% - 60%
2 - 0% - 40%
PK3 Defense
1 - 0% - 60%
2 - 0% - 40%
44 Forward
1 - 0% - 60%
2 - 0% - 40%
44 Defense
1 - 0% - 60%
2 - 0% - 40%
Last Minute Offensive  - 0:00
Last Minute Defensive  - 0:30
Total
Forward - 60:00
Defense - 60:00

Play by Play

1st period


0:01 of 1st period - Leon Draisaitl wins face-off versus Brayden Irwin in neutral zone.
0:46 of 1st period - Off-side.
0:47 of 1st period - Kevin Porter wins face-off versus Carter Camper in neutral zone.
0:50 of 1st period - Scott Ford is hit by Kevin Porter and loses puck.
1:30 of 1st period - Minor Penalty to Kevin Porter for Interference.
1:31 of 1st period - Leon Draisaitl wins face-off versus Brayden Irwin in Bruins zone.
1:52 of 1st period - Snap shot by Brandon Gormley.
1:52 of 1st period - Stopped by Philipp Grubauer with a rebound.
2:00 of 1st period - Snap shot by Ryan Murphy.
2:00 of 1st period - Stopped by Philipp Grubauer with a rebound.
2:21 of 1st period - Jerry D'Amigo is hit by Conor Allen and loses puck.
2:38 of 1st period - Scott Ford is hit by Dennis Everberg and loses puck.
3:03 of 1st period - Slapshot by Magnus Nygren.
3:03 of 1st period - Deflect By Cole Schneider.
3:03 of 1st period - Stopped by Jussi Rynnas with a rebound.
3:30 of 1st period - Penalty to Kevin Porter is over, Kevin Porter is back on ice.
3:37 of 1st period - Snap shot by Ryan Bourque.
3:37 of 1st period - Shot Blocked by Jordan Oesterle.
3:39 of 1st period - Wrist shot by Ryan Murphy.
3:39 of 1st period - Shot Misses the Net.
3:52 of 1st period - Icing by Chase Schaber.
3:53 of 1st period - Kael Mouillierat wins face-off versus Chase Schaber in Gulls zone.
4:05 of 1st period - Slapshot by Kael Mouillierat.
4:05 of 1st period - Stopped by Jussi Rynnas with a rebound.
4:07 of 1st period - Slapshot by Kevin Czuczman.
4:07 of 1st period - Shot Blocked by Jerry D'Amigo.
4:13 of 1st period - Slapshot by Marc Hagel.
4:13 of 1st period - Shot Misses the Net.
4:15 of 1st period - Slapshot by Kevin Czuczman.
4:15 of 1st period - Shot Misses the Net.
4:17 of 1st period - Snap shot by Marc Hagel.
4:17 of 1st period - Deflect By Kael Mouillierat.
4:17 of 1st period - Shot Blocked by Guillaume Gelinas.
4:17 of 1st period - Puck is out of play.
4:18 of 1st period - Antoine Laganiere wins face-off versus Kevin Porter in Gulls zone.
4:23 of 1st period - Buddy Robinson is hit by Jordan Caron and loses puck.
4:32 of 1st period - Slapshot by Ryan Murphy.
4:32 of 1st period - Stopped by Philipp Grubauer with a rebound.
5:06 of 1st period - Marc Hagel is hit by Phil Lane and loses puck.
5:14 of 1st period - Scott Ford beats up Johan Alm.
5:14 of 1st period - Penalty to Scott Ford for Fighting.
5:14 of 1st period - Penalty to Johan Alm for Fighting.
5:15 of 1st period - Carter Camper wins face-off versus Dennis Rasmussen in neutral zone.
5:54 of 1st period - Snap shot by Ryan Bourque.
5:54 of 1st period - Stopped by Philipp Grubauer with a rebound.
5:56 of 1st period - Snap shot by Antoine Laganiere.
5:56 of 1st period - Shot Misses the Net.
5:58 of 1st period - Snap shot by Antoine Laganiere.
5:58 of 1st period - Stopped by Philipp Grubauer with a rebound.
6:02 of 1st period - Wrist shot by Ryan Bourque.
6:02 of 1st period - Shot Blocked by Leon Draisaitl.
6:08 of 1st period - Snap shot by Ryan Murphy.
6:08 of 1st period - Shot Blocked by Magnus Nygren.
6:10 of 1st period - Wrist shot by Brandon Gormley.
6:10 of 1st period - Stopped by Philipp Grubauer with a rebound.
6:12 of 1st period - Slapshot by Ryan Murphy.
6:12 of 1st period - Deflect By Magnus Nygren.
6:12 of 1st period - Stopped by Philipp Grubauer with a rebound.
6:14 of 1st period - Backhand shot by Ryan Bourque.
6:14 of 1st period - Stopped by Philipp Grubauer without a rebound.
6:15 of 1st period - Brayden Irwin wins face-off versus Kael Mouillierat in Bruins zone.
6:16 of 1st period - Wrist shot by Ryan Murphy.
6:16 of 1st period - Stopped by Philipp Grubauer with a rebound.
7:04 of 1st period - Minor Penalty to Conor Allen for Tripping.
7:05 of 1st period - Carter Camper wins face-off versus Leon Draisaitl in Bruins zone.
7:24 of 1st period - Wrist shot by Carter Camper.
7:24 of 1st period - Stopped by Philipp Grubauer without a rebound.
7:25 of 1st period - Leon Draisaitl wins face-off versus Carter Camper in Bruins zone.
8:04 of 1st period - Brayden Irwin is hit by Cole Schneider and loses puck.
8:15 of 1st period - Slapshot by Brandon Gormley.
8:15 of 1st period - Stopped by Philipp Grubauer with a rebound.
8:31 of 1st period - Slapshot by Ryan Murphy.
8:31 of 1st period - Stopped by Philipp Grubauer with a rebound.
8:37 of 1st period - Slapshot by Ryan Murphy.
8:37 of 1st period - Goal by Ryan Murphy - Bruins : 0 - Gulls : 1.
8:38 of 1st period - Antoine Laganiere wins face-off versus Kevin Porter in neutral zone.
10:07 of 1st period - Conor Allen is hit by Jerry D'Amigo and loses puck.
11:52 of 1st period - Snap shot by Andrew Agozzino.
11:52 of 1st period - Stopped by Jussi Rynnas with a rebound.
12:15 of 1st period - Buddy Robinson is hit by Antoine Laganiere and loses puck.
14:10 of 1st period - Minor Penalty to Matt Lashoff for Interference.
14:11 of 1st period - Phil Lane wins face-off versus Leon Draisaitl in Gulls zone.
15:18 of 1st period - Brayden Irwin is hit by Magnus Nygren and loses puck.
16:02 of 1st period - Slapshot by Cole Schneider.
16:02 of 1st period - Shot Hit the Post.
16:10 of 1st period - Penalty to Matt Lashoff is over, Matt Lashoff is back on ice.
16:18 of 1st period - Kevin Porter is hit by Matt Lashoff and loses puck.
17:19 of 1st period - Chase Schaber is hit by Brandon Alderson and loses puck.
17:34 of 1st period - Snap shot by Marc Hagel.
17:34 of 1st period - Stopped by Jussi Rynnas without a rebound.
17:35 of 1st period - Dennis Rasmussen wins face-off versus Antoine Laganiere in Gulls zone.
18:12 of 1st period - Snap shot by Phil Lane.
18:12 of 1st period - Shot Blocked by Kevin Czuczman.
18:55 of 1st period - Snap shot by Kael Mouillierat.
18:55 of 1st period - Shot Misses the Net.
18:57 of 1st period - Snap shot by Marc Hagel.
18:57 of 1st period - Stopped by Jussi Rynnas with a rebound.
19:07 of 1st period - Snap shot by Dennis Everberg.
19:07 of 1st period - Stopped by Jussi Rynnas with a rebound.
19:49 of 1st period - Slapshot by Ryan Murphy.
19:49 of 1st period - Deflect By Brayden Irwin.
19:49 of 1st period - Stopped by Philipp Grubauer without a rebound.
19:50 of 1st period - Brayden Irwin wins face-off versus Kael Mouillierat in Bruins zone.
Goals for this period are 0 for Bruins vs 1 for Gulls.
Shots for this period are 6 for Bruins vs 14 for Gulls.

2nd period


0:01 of 2nd period - Brayden Irwin wins face-off versus Leon Draisaitl in neutral zone.
0:20 of 2nd period - Slapshot by Brandon Gormley.
0:20 of 2nd period - Stopped by Philipp Grubauer with a rebound.
0:31 of 2nd period - Slapshot by Raman Hrabarenka.
0:31 of 2nd period - Stopped by Jussi Rynnas with a rebound.
0:33 of 2nd period - Slapshot by Cole Schneider.
0:33 of 2nd period - Stopped by Jussi Rynnas without a rebound.
0:34 of 2nd period - Carter Camper wins face-off versus Kevin Porter in Gulls zone.
0:49 of 2nd period - Scott Ford is hit by Kevin Porter and loses puck.
1:01 of 2nd period - Wrist shot by Andrew Agozzino.
1:01 of 2nd period - Shot Blocked by Scott Ford.
1:03 of 2nd period - Slapshot by Magnus Nygren.
1:03 of 2nd period - Stopped by Jussi Rynnas with a rebound.
1:05 of 2nd period - Slapshot by Magnus Nygren.
1:05 of 2nd period - Shot Hit the Post.
1:07 of 2nd period - Wrist shot by Buddy Robinson.
1:07 of 2nd period - Deflect By Carter Camper.
1:07 of 2nd period - Shot Blocked by William Wrenn.
1:07 of 2nd period - Puck is out of play.
1:08 of 2nd period - Kael Mouillierat wins face-off versus Antoine Laganiere in Gulls zone.
1:09 of 2nd period - Slapshot by Raman Hrabarenka.
1:09 of 2nd period - Shot Blocked by Ryan Murphy.
1:11 of 2nd period - Snap shot by Kael Mouillierat.
1:11 of 2nd period - Shot Misses the Net.
1:13 of 2nd period - Wrist shot by Marc Hagel.
1:13 of 2nd period - Stopped by Jussi Rynnas with a rebound.
2:30 of 2nd period - Snap shot by Phil Lane.
2:30 of 2nd period - Shot Misses the Net.
2:48 of 2nd period - Slapshot by Matt Lashoff.
2:48 of 2nd period - Shot Misses the Net.
2:58 of 2nd period - Backhand shot by Jerry D'Amigo.
2:58 of 2nd period - Stopped by Philipp Grubauer with a rebound.
3:00 of 2nd period - Slapshot by Carter Camper.
3:00 of 2nd period - Shot Misses the Net.
3:12 of 2nd period - Snap shot by Carter Camper.
3:12 of 2nd period - Shot Misses the Net.
3:38 of 2nd period - Kevin Porter is hit by Jimmy Bonneau and loses puck.
4:13 of 2nd period - Ryan Murphy is hit by Marc Hagel and loses puck.
4:57 of 2nd period - Wrist shot by Brayden Irwin.
4:57 of 2nd period - Shot Misses the Net.
5:03 of 2nd period - Snap shot by Brayden Irwin.
5:03 of 2nd period - Shot Misses the Net.
5:05 of 2nd period - Slapshot by Guillaume Gelinas.
5:05 of 2nd period - Deflect By Leon Draisaitl.
5:05 of 2nd period - Stopped by Philipp Grubauer without a rebound.
5:06 of 2nd period - Kevin Porter wins face-off versus Carter Camper in Bruins zone.
5:08 of 2nd period - Minor Penalty to Buddy Robinson for Hooking.
5:09 of 2nd period - Leon Draisaitl wins face-off versus Carter Camper in Bruins zone.
5:09 of 2nd period - Leon Draisaitl is hit by Carter Camper.
5:53 of 2nd period - Snap shot by Ryan Bourque.
5:53 of 2nd period - Shot Blocked by Magnus Nygren.
5:59 of 2nd period - Slapshot by Ryan Murphy.
5:59 of 2nd period - Shot Blocked by Dennis Everberg.
6:09 of 2nd period - Slapshot by Brandon Gormley.
6:09 of 2nd period - Stopped by Philipp Grubauer with a rebound.
6:11 of 2nd period - Snap shot by Brandon Gormley.
6:11 of 2nd period - Stopped by Philipp Grubauer with a rebound.
6:13 of 2nd period - Snap shot by Ryan Murphy.
6:13 of 2nd period - Stopped by Philipp Grubauer without a rebound.
6:14 of 2nd period - Carter Camper wins face-off versus Leon Draisaitl in Bruins zone.
6:15 of 2nd period - Snap shot by Ryan Murphy.
6:15 of 2nd period - Shot Misses the Net.
7:08 of 2nd period - Penalty to Buddy Robinson is over, Buddy Robinson is back on ice.
7:59 of 2nd period - Slapshot by Johan Alm.
7:59 of 2nd period - Shot Misses the Net.
8:35 of 2nd period - Slapshot by Raman Hrabarenka.
8:35 of 2nd period - Shot Blocked by Ryan Murphy.
8:37 of 2nd period - Wrist shot by Leon Draisaitl.
8:37 of 2nd period - Stopped by Jussi Rynnas with a rebound.
8:39 of 2nd period - Slapshot by Raman Hrabarenka.
8:39 of 2nd period - Shot Blocked by Ryan Murphy.
8:41 of 2nd period - Snap shot by Conor Allen.
8:41 of 2nd period - Shot Blocked by Carter Camper.
8:43 of 2nd period - Snap shot by Sam Henley.
8:43 of 2nd period - Stopped by Jussi Rynnas without a rebound.
8:44 of 2nd period - Dennis Rasmussen wins face-off versus Brayden Irwin in Gulls zone.
10:06 of 2nd period - Wrist shot by Kael Mouillierat.
10:06 of 2nd period - Shot Misses the Net.
10:12 of 2nd period - Kael Mouillierat is hit by Jimmy Bonneau and loses puck.
10:35 of 2nd period - Buddy Robinson is hit by Jordan Caron.
11:27 of 2nd period - Guillaume Gelinas is hit by Dennis Everberg and loses puck.
11:44 of 2nd period - Slapshot by Magnus Nygren.
11:44 of 2nd period - Deflect By Leon Draisaitl.
11:44 of 2nd period - Shot Misses the Net.
11:44 of 2nd period - Puck is out of play.
11:45 of 2nd period - Dennis Rasmussen wins face-off versus Chase Schaber in Gulls zone.
11:48 of 2nd period - Slapshot by Leon Draisaitl.
11:48 of 2nd period - Stopped by Jussi Rynnas without a rebound.
11:49 of 2nd period - Chase Schaber wins face-off versus Dennis Rasmussen in Gulls zone.
12:02 of 2nd period - Snap shot by Ryan Murphy.
12:02 of 2nd period - Shot Misses the Net.
12:04 of 2nd period - Wrist shot by Ryan Murphy.
12:04 of 2nd period - Deflect By Chase Schaber.
12:04 of 2nd period - Shot Blocked by Leon Draisaitl.
12:04 of 2nd period - Puck is out of play.
12:05 of 2nd period - Kevin Porter wins face-off versus Carter Camper in Bruins zone.
12:30 of 2nd period - Snap shot by Buddy Robinson.
12:30 of 2nd period - Stopped by Jussi Rynnas with a rebound.
12:32 of 2nd period - Snap shot by Conor Allen.
12:32 of 2nd period - Stopped by Jussi Rynnas with a rebound.
12:34 of 2nd period - Slapshot by Raman Hrabarenka.
12:34 of 2nd period - Stopped by Jussi Rynnas with a rebound.
12:36 of 2nd period - Slapshot by Conor Allen.
12:36 of 2nd period - Deflect By Ryan Murphy.
12:36 of 2nd period - Stopped by Jussi Rynnas with a rebound.
12:50 of 2nd period - Snap shot by Kael Mouillierat.
12:50 of 2nd period - Shot Misses the Net.
12:52 of 2nd period - Snap shot by Marc Hagel.
12:52 of 2nd period - Shot Misses the Net.
13:06 of 2nd period - Snap shot by Kael Mouillierat.
13:06 of 2nd period - Shot Misses the Net.
13:38 of 2nd period - Slapshot by Leon Draisaitl.
13:38 of 2nd period - Shot Misses the Net.
14:00 of 2nd period - Backhand shot by Andrew Agozzino.
14:00 of 2nd period - Deflect By Buddy Robinson.
14:00 of 2nd period - Shot Blocked by Matt Lashoff.
14:00 of 2nd period - Puck is out of play.
14:01 of 2nd period - Brayden Irwin wins face-off versus Buddy Robinson in Gulls zone.
14:44 of 2nd period - Slapshot by Matt Lashoff.
14:44 of 2nd period - Stopped by Philipp Grubauer without a rebound.
14:45 of 2nd period - Kael Mouillierat wins face-off versus Chase Schaber in Bruins zone.
15:00 of 2nd period - Slapshot by Ryan Murphy.
15:00 of 2nd period - Deflect By Conor Allen.
15:00 of 2nd period - Stopped by Philipp Grubauer with a rebound.
15:02 of 2nd period - Snap shot by Chase Schaber.
15:02 of 2nd period - Stopped by Philipp Grubauer without a rebound.
15:03 of 2nd period - Brayden Irwin wins face-off versus Kael Mouillierat in Bruins zone.
15:12 of 2nd period - Slapshot by Brandon Gormley.
15:12 of 2nd period - Shot Misses the Net.
16:28 of 2nd period - Antoine Laganiere and Johan Alm fight to a draw.
16:28 of 2nd period - Penalty to Antoine Laganiere for Fighting.
16:28 of 2nd period - Penalty to Johan Alm for Fighting.
16:29 of 2nd period - Kevin Porter wins face-off versus Carter Camper in Gulls zone.
16:39 of 2nd period - Buddy Robinson beats up Scott Ford.
16:39 of 2nd period - Penalty to Scott Ford for Fighting.
16:39 of 2nd period - Penalty to Buddy Robinson for Fighting.
16:40 of 2nd period - Carter Camper wins face-off versus Kevin Porter in Bruins zone.
16:41 of 2nd period - Wrist shot by Brandon Gormley.
16:41 of 2nd period - Shot Misses the Net.
16:55 of 2nd period - Wrist shot by Andrew Agozzino.
16:55 of 2nd period - Stopped by Jussi Rynnas with a rebound.
17:35 of 2nd period - Ryan Murphy is hit by Conor Allen and loses puck.
17:46 of 2nd period - Dennis Everberg is hit by Phil Lane and loses puck.
18:56 of 2nd period - Slapshot by Leon Draisaitl.
18:56 of 2nd period - Stopped by Jussi Rynnas without a rebound.
18:57 of 2nd period - Carter Camper wins face-off versus Dennis Rasmussen in Gulls zone.
18:57 of 2nd period - Jerry D'Amigo and Kevin Czuczman fight to a draw.
18:57 of 2nd period - Penalty to Jerry D'Amigo for Fighting.
18:57 of 2nd period - Penalty to Kevin Czuczman for Fighting.
18:58 of 2nd period - Kevin Porter wins face-off versus Carter Camper in Gulls zone.
Goals for this period are 0 for Bruins vs 0 for Gulls.
Shots for this period are 13 for Bruins vs 9 for Gulls.

3rd period


0:01 of 3rd period - Carter Camper wins face-off versus Leon Draisaitl in neutral zone.
1:05 of 3rd period - Wrist shot by Kevin Porter.
1:05 of 3rd period - Stopped by Jussi Rynnas with a rebound.
1:09 of 3rd period - Snap shot by Andrew Agozzino.
1:09 of 3rd period - Deflect By Kevin Porter.
1:09 of 3rd period - Shot Blocked by Phil Lane.
1:09 of 3rd period - Puck is out of play.
1:10 of 3rd period - Chase Schaber wins face-off versus Kael Mouillierat in Gulls zone.
1:22 of 3rd period - Slapshot by William Wrenn.
1:22 of 3rd period - Deflect By Ryan Bourque.
1:22 of 3rd period - Stopped by Philipp Grubauer with a rebound.
1:24 of 3rd period - Snap shot by William Wrenn.
1:24 of 3rd period - Shot Misses the Net.
1:26 of 3rd period - Slapshot by Ryan Bourque.
1:26 of 3rd period - Shot Misses the Net.
1:30 of 3rd period - Snap shot by Jimmy Bonneau.
1:30 of 3rd period - Stopped by Philipp Grubauer without a rebound.
1:31 of 3rd period - Kevin Porter wins face-off versus Brayden Irwin in Bruins zone.
2:30 of 3rd period - Ryan Bourque is hit by Johan Alm and loses puck.
2:43 of 3rd period - Chase Schaber is hit by Dennis Everberg and loses puck.
3:25 of 3rd period - Icing by Chase Schaber.
3:26 of 3rd period - Kael Mouillierat wins face-off versus Carter Camper in Gulls zone.
4:05 of 3rd period - Raman Hrabarenka is hit by Brandon Gormley and loses puck.
4:36 of 3rd period - Jordan Caron is hit by Buddy Robinson and loses puck.
4:44 of 3rd period - Minor Penalty to Buddy Robinson for Interference.
4:45 of 3rd period - Leon Draisaitl wins face-off versus Carter Camper in Bruins zone.
4:53 of 3rd period - Off-side.
4:54 of 3rd period - Carter Camper wins face-off versus Leon Draisaitl in neutral zone.
5:52 of 3rd period - Slapshot by Ryan Murphy.
5:52 of 3rd period - Shot Misses the Net.
6:22 of 3rd period - Slapshot by Ryan Murphy.
6:22 of 3rd period - Stopped by Philipp Grubauer with a rebound.
6:24 of 3rd period - Slapshot by Brandon Gormley.
6:24 of 3rd period - Shot Misses the Net.
6:26 of 3rd period - Snap shot by Ryan Murphy.
6:26 of 3rd period - Shot Blocked by Magnus Nygren.
6:44 of 3rd period - Penalty to Buddy Robinson is over, Buddy Robinson is back on ice.
7:23 of 3rd period - Icing by Chase Schaber.
7:24 of 3rd period - Kael Mouillierat wins face-off versus Chase Schaber in Gulls zone.
7:25 of 3rd period - Wrist shot by Marc Hagel.
7:25 of 3rd period - Deflect By Kael Mouillierat.
7:25 of 3rd period - Stopped by Jussi Rynnas with a rebound.
7:27 of 3rd period - Slapshot by Johan Alm.
7:27 of 3rd period - Stopped by Jussi Rynnas without a rebound.
7:28 of 3rd period - Kael Mouillierat wins face-off versus Ryan Bourque in Gulls zone.
8:02 of 3rd period - Icing by Antoine Laganiere.
8:03 of 3rd period - Buddy Robinson wins face-off versus Antoine Laganiere in Gulls zone.
8:34 of 3rd period - Slapshot by Ryan Murphy.
8:34 of 3rd period - Shot Misses the Net.
8:36 of 3rd period - Snap shot by Ryan Murphy.
8:36 of 3rd period - Stopped by Philipp Grubauer without a rebound.
8:37 of 3rd period - Leon Draisaitl wins face-off versus Carter Camper in Bruins zone.
9:31 of 3rd period - Marc Hagel is hit by Brayden Irwin and loses puck.
10:59 of 3rd period - Jerry D'Amigo is hit by Sam Henley and loses puck.
11:16 of 3rd period - Raman Hrabarenka is hit by Matt Lashoff and loses puck.
11:55 of 3rd period - Wrist shot by Leon Draisaitl.
11:55 of 3rd period - Deflect By Dennis Everberg.
11:55 of 3rd period - Shot Misses the Net.
11:55 of 3rd period - Puck is out of play.
11:56 of 3rd period - Leon Draisaitl wins face-off versus Antoine Laganiere in Gulls zone.
12:39 of 3rd period - Slapshot by Andrew Agozzino.
12:39 of 3rd period - Stopped by Jussi Rynnas with a rebound.
12:41 of 3rd period - Slapshot by Magnus Nygren.
12:41 of 3rd period - Shot Misses the Net.
12:43 of 3rd period - Snap shot by Kevin Porter.
12:43 of 3rd period - Shot Blocked by Sven Andrighetto.
12:48 of 3rd period - Brayden Irwin and Buddy Robinson fight to a draw.
12:48 of 3rd period - Penalty to Brayden Irwin for Fighting.
12:48 of 3rd period - Penalty to Buddy Robinson for Fighting.
12:49 of 3rd period - Antoine Laganiere wins face-off versus Leon Draisaitl in Gulls zone.
12:56 of 3rd period - Snap shot by Phil Lane.
12:56 of 3rd period - Shot Blocked by Leon Draisaitl.
13:44 of 3rd period - Slapshot by Brandon Gormley.
13:44 of 3rd period - Stopped by Philipp Grubauer without a rebound.
13:45 of 3rd period - Ryan Bourque wins face-off versus Kael Mouillierat in Bruins zone.
14:06 of 3rd period - Jordan Oesterle is hit by Sven Andrighetto and loses puck.
16:05 of 3rd period - Slapshot by Cole Schneider.
16:05 of 3rd period - Shot Misses the Net.
16:47 of 3rd period - Snap shot by Ryan Murphy.
16:47 of 3rd period - Stopped by Philipp Grubauer with a rebound.
16:59 of 3rd period - Snap shot by Chase Schaber.
16:59 of 3rd period - Stopped by Philipp Grubauer with a rebound.
17:15 of 3rd period - Sven Andrighetto is hit by Jordan Oesterle.
17:41 of 3rd period - Slapshot by Brandon Gormley.
17:41 of 3rd period - Stopped by Philipp Grubauer with a rebound.
18:25 of 3rd period - Wrist shot by Jerry D'Amigo.
18:25 of 3rd period - Shot Misses the Net.
18:46 of 3rd period - Snap shot by Jordan Caron.
18:46 of 3rd period - Deflect By Ryan Bourque.
18:46 of 3rd period - Stopped by Philipp Grubauer without a rebound.
18:47 of 3rd period - Doug Weight call a timeout for Bruins.
18:47 of 3rd period - Kael Mouillierat wins face-off versus Jordan Caron in Bruins zone.
19:00 of 3rd period - Bruins, Philipp Grubauer is pulled from the net.
19:00 of 3rd period - Wrist shot by Kael Mouillierat.
19:00 of 3rd period - Stopped by Jussi Rynnas with a rebound.
19:46 of 3rd period - Brandon Gormley is hit by Greg Carey and loses puck.
Goals for this period are 0 for Bruins vs 0 for Gulls.
Shots for this period are 5 for Bruins vs 9 for Gulls.